 Dungeon Crawl Stone Soup version 0.26-a0-664-gc8b27b8fc1 (webtiles) character file.

Game seed: 17189910890333679698

23 PentaManta the Ducker (level 2, -2/24 HPs)
             Began as a Spriggan Berserker on Oct 13, 2020.
             Was a Follower of Trog.
             Slain by a leopard gecko (5 damage)
             ... on level 2 of the Dungeon.
             The game lasted 00:01:08 (1170 turns).

PentaManta the Ducker (Spriggan Berserker)          Turns: 1170, Time: 00:01:08

Health: -2/24      AC:  2    Str: 13    XL:     2   Next: 72%
Magic:  3/3        EV: 20    Int:  8    God:    Trog [*.....]
Gold:   27         SH:  0    Dex: 15    Spells: 1/1 levels left

rFire    . . .     SeeInvis +   h - +3 short sword
rCold    . . .     Faith    .   (shield restricted)
rNeg     . . .     Spirit   .   b - +0 animal skin
rPois    .         Reflect  .   (helmet restricted)
rElec    .         Harm     .   (no cloak)
rCorr    .         Rampage  .   (gloves unavailable)
MR       .....                  (boots unavailable)
Stlth    ..........             (no amulet)
HPRegen  0.08/turn              (no ring)
MPRegen  0.08/turn              (no ring)

@: berserking, very quick
A: very small, unfitting armour, see invisible, speed 3
a: Berserk, Renounce Religion


You were on level 2 of the Dungeon.
You worshipped Trog.
Trog was aware of your devotion.
You visited 1 branch of the dungeon, and saw 2 of its levels.

You collected 27 gold pieces.

Inventory:

Hand Weapons
 f - a +0 dagger
 h - a +3 short sword (weapon)
Armour
 b - a +0 animal skin (worn)
Scrolls
 a - a scroll of amnesia {unknown}
 c - 2 scrolls of random uselessness {unknown}
 d - 3 scrolls of teleportation {unknown}
 e - 4 scrolls of remove curse {unknown}
 m - a scroll of enchant weapon {unknown}
 n - a scroll of identify {unknown}
Potions
 g - a potion of magic {unknown}
 i - a potion of stabbing {unknown}
 j - a potion of brilliance {unknown}
 k - a potion of curing {unknown}
 l - a potion of berserk rage {unknown}


   Skills:
 - Level 2.4 Fighting
 - Level 3.2 Short Blades
 + Level 5.2 Dodging
 + Level 2.7 Stealth


You had one spell level left.
You didn't know any spells.
Your spell library was empty.

Dungeon Overview and Level Annotations

Branches:
Dungeon (2/15)

Altars:


Innate Abilities, Weirdness & Mutations

You are very small and have problems with some larger weapons.
You are too small for most types of armour.
You have supernaturally acute eyesight. (SInv)
You cover ground extremely quickly.


Message History

You are too injured to fight recklessly!
You are too injured to fight recklessly!
You are too injured to fight recklessly!
You are too injured to fight recklessly!
You are too injured to fight recklessly!
You are too injured to fight recklessly!
You are too injured to fight recklessly!
You are too injured to fight recklessly!
You are too injured to fight recklessly!
You are too injured to fight recklessly!
You are too injured to fight recklessly!
You are too injured to fight recklessly!
You are too injured to fight recklessly!
You are too injured to fight recklessly!
A red film seems to cover your vision as you go berserk!
You feel yourself moving faster!
You feel mighty! The leopard gecko misses you.
You barely miss the worm.
The worm is severely wounded.
The leopard gecko bites you.
You die...

.........#....#
.........)...>..# .
#..........#
..####..........#
.......#######<.#
........# ###..#####
....)>..# #........#
.......w# ##........#
......l@###.........#
......g.....##.######
##......#.........#
....######........#
.## #........#
##.......# #.......#
#.......# #.......#


You could see a worm, a leopard gecko and a hobgoblin.

Vanquished Creatures
  A leopard gecko (D:1)
  2 bats (D:1)
  3 giant cockroaches (D:1)
  3 goblins (D:1)
  A hobgoblin (D:1)
  4 frilled lizards (D:1)
  2 kobolds
  5 rats
21 creatures vanquished.

Notes
Turn   | Place    | Note
-------+----------+-------------------------------------------
     0 | D:1      | PentaManta the Spriggan Berserker began the quest for the
                  | Orb.
     0 | D:1      | Reached XP level 1. HP: 11/11 MP: 2/2
   523 | D:1      | Reached skill level 1 in Stealth
   602 | D:1      | Reached XP level 2. HP: 16/16 MP: 3/3
   803 | D:1      | Reached skill level 5 in Dodging
  1170 | D:2      | Slain by a leopard gecko

Illustrated notes

Levels and vault maps discovered:
D:1:      dpeg_arrival_chambers_temple_mockup, layout_loops_ring,
          roderic_roman_lattice, chequers_serial_rivers_small_3
D:2:      layout_rooms

Skill      XL: |  1  2 |
---------------+-------+-----
Stealth        | 1 2 |  2.7
Dodging        | 5 |  5.2
Fighting       | |  2.4
Short Blades   | |  3.2

Action                   || total
-------------------------++-------
Melee: Short sword       ||    60
Invok: Berserk           ||     2
 Stab: Sleeping          ||     4
Armor: Animal skin       ||     3
Dodge: Dodged            ||    42

Table legend: (Time is in decaauts)
 A = Elapsed time spent in this place.
 B = Non-inter-level travel time spent in this place.
 C = Inter-level travel time spent in this place.
 D = Time resting spent in this place.
 E = Time spent auto-exploring this place.
 F = Levels seen in this place.
 G = Mean time per level.
                   A        B        C        D        E       F      G
               +--------+--------+--------+--------+--------+-----+--------+
         Total |    910 |    898 |     12 |     44 |    722 |   2 |  455.0 |
       Dungeon |    910 |    898 |     12 |     44 |    722 |   2 |  455.0 |
               +--------+--------+--------+--------+--------+-----+--------+

Top non-repeatable levels by time:
     D:1: 878 daAuts
     D:2: 32 daAuts
